General information
- name: BNet
- type: Ladder team game (AT/RT)
- host: Battle.net
- saver: skrt
map: Northshire_LV
- players: 8
- length: 16:22
- speed: Fast
- version: 1.10030 W3XP
- replay type: Public
» download(160 KB)
Players
team 1 (winner)

»
Meatcicle (
pink | 69 APM | 1129 actions | 16:19)
5 Blood Mage
3 Flame Strike
2 Siphon Mana
2 Pit Lord
1 Rain of Fire
1 Cleaving Attack
» actions
| Assign group hotkey | 49 | |
| Build / train | 64 | |
| Enter build submenu | 34 | |
| Enter hero's abilities submenu | 7 | |
| Give item / drop item | 3 | |
| Remove unit from queue | 1 | |
| Right click | 443 | |
| Select / deselect | 237 | |
| Select group hotkey | 227 | |
| Use ability | 64 | |
1129 total
» units
| Peasant | 13 | |
| Rifleman | 7 | |
| Goblin Shredder | 2 | |
| Flying Machine | 9 | |
| Mortar Team | 1 | |
32 total
» upgrades
| Gunpowder | 2 | |
| Masonry | 1 | |
| Flak Cannons | 1 | |
| Flying Machine Bombs | 1 | |
5 total
» buildings
| Altar of Kings | 1 | |
| Barracks | 1 | |
| Blacksmith | 1 | |
| Farm | 10 | |
| Arcane Vault | 4 | |
| Scout Tower | 8 | |
| Arcane Tower | 2 | |
| Town Hall | 1 | |
| Lumber Mill | 1 | |
| Guard Tower | 3 | |
| Keep | 1 | |
| Workshop | 4 | |
| Castle | 1 | |
38 total
» build order
00:50 Altar of Kings
01:05 Barracks
01:09 Blacksmith
01:16 Farm
01:20 Farm
02:19 Arcane Vault
02:24 Scout Tower
02:29 Arcane Vault
02:31 Arcane Vault
02:36 Farm
02:52 Arcane Tower
03:15 Farm
03:59 Farm
04:46 Town Hall
04:50 Scout Tower
04:51 Scout Tower
04:53 Scout Tower
05:14 Lumber Mill
05:25 Arcane Tower
06:01 Scout Tower
06:10 Guard Tower
06:17 Scout Tower
06:20 Farm
06:25 Keep
07:03 Guard Tower
07:06 Scout Tower
07:09 Scout Tower
07:21 Farm
07:24 Farm
07:27 Farm
08:56 Guard Tower
09:09 Workshop
09:09 Workshop
09:10 Workshop
09:12 Workshop
09:32 Castle
12:40 Arcane Vault
14:42 Farm
» items
| Scroll of Regeneration | 3 | |
| Boots of Speed | 1 | |
| Potion of Lesser Invulnerability | 1 | |
| Staff of Teleportation | 1 | |
| Lesser Clarity Potion | 1 | |
| Scroll of Town Portal | 1 | |
8 total
olympicman (
red | 51 APM | 835 actions | 16:19)
4 Blademaster
2 Wind Walk
2 Critical Strike
» actions
| Assign group hotkey | 3 | |
| Build / train | 48 | |
| Enter build submenu | 33 | |
| Enter hero's abilities submenu | 4 | |
| Give item / drop item | 3 | |
| Right click | 331 | |
| Select / deselect | 183 | |
| Select group hotkey | 177 | |
| Use ability | 53 | |
835 total
» units
| Peon | 17 | |
| Goblin Shredder | 1 | |
| Troll Batrider | 11 | |
29 total
» upgrades
| Spiked Barricades | 1 | |
| Reinforced Defenses | 1 | |
| Ranged Weapons | 3 | |
| Armor | 3 | |
| Liquid Fire | 1 | |
9 total
» buildings
| Orc Burrow | 8 | |
| Altar of Storms | 1 | |
| War Mill | 2 | |
| Voodoo Lounge | 1 | |
| Watch Tower | 13 | |
| Stronghold | 1 | |
| Fortress | 1 | |
| Great Hall | 2 | |
| Beastiary | 4 | |
33 total
» build order
00:24 Orc Burrow
00:40 Altar of Storms
00:57 War Mill
01:20 Voodoo Lounge
01:33 Orc Burrow
02:13 Watch Tower
02:44 Watch Tower
02:59 Watch Tower
03:35 Stronghold
03:47 Watch Tower
04:02 Watch Tower
04:22 Watch Tower
04:34 Watch Tower
06:02 Fortress
06:21 Great Hall
06:25 Watch Tower
06:29 Watch Tower
06:32 Watch Tower
06:36 Watch Tower
06:49 War Mill
07:33 Watch Tower
07:37 Watch Tower
08:25 Beastiary
08:29 Beastiary
09:29 Orc Burrow
10:00 Beastiary
10:07 Orc Burrow
10:29 Orc Burrow
11:01 Orc Burrow
12:03 Orc Burrow
12:08 Orc Burrow
13:06 Beastiary
15:19 Great Hall
» items
| Healing Salve | 2 | |
| Orb of Lightning | 1 | |
3 total

»
skrt (
purple | 160 APM | 2623 actions | 16:22)
4 Mountain King
2 Storm Bolt
2 Bash
3 Paladin
2 Holy Light
1 Devotion Aura
1 Blood Mage
1 Banish
» actions
| Assign group hotkey | 22 | |
| Basic commands | 184 | |
| Build / train | 62 | |
| Enter build submenu | 25 | |
| Enter hero's abilities submenu | 9 | |
| Give item / drop item | 2 | |
| Right click | 1008 | |
| Select / deselect | 530 | |
| Select group hotkey | 722 | |
| Use ability | 58 | |
2623 total
» units
| Peasant | 16 | |
| Footman | 4 | |
| Goblin Shredder | 1 | |
| Gryphon Rider | 4 | |
| Dragonhawk Rider | 2 | |
27 total
» upgrades
| Masonry | 3 | |
| Lumber Harvesting | 3 | |
| Swords | 3 | |
| Storm Hammers | 1 | |
| Cloud | 1 | |
| Plating | 1 | |
12 total
» buildings
| Altar of Kings | 1 | |
| Farm | 13 | |
| Barracks | 1 | |
| Lumber Mill | 1 | |
| Town Hall | 1 | |
| Scout Tower | 1 | |
| Arcane Vault | 1 | |
| Arcane Tower | 1 | |
| Keep | 2 | |
| Blacksmith | 1 | |
| Castle | 2 | |
| Gryphon Aviary | 2 | |
27 total
» build order
00:03 Altar of Kings
00:05 Farm
00:23 Barracks
00:40 Farm
01:33 Lumber Mill
02:03 Farm
03:38 Town Hall
03:43 Scout Tower
03:53 Arcane Vault
04:09 Arcane Tower
04:17 Keep
04:18 Keep
05:17 Blacksmith
05:42 Farm
07:40 Castle
07:40 Castle
08:22 Gryphon Aviary
08:23 Gryphon Aviary
10:36 Farm
10:37 Farm
12:14 Farm
12:14 Farm
13:27 Farm
13:29 Farm
14:04 Farm
15:45 Farm
15:58 Farm
» items
| Scroll of Regeneration | 2 | |
| Boots of Speed | 1 | |
| Potion of Lesser Invulnerability | 1 | |
4 total
dstln (
yellow | 51 APM | 830 actions | 16:19)
4 Archmage
2 Summon Water Elemental
2 Brilliance Aura
1 Paladin
1 Divine Shield
» actions
| Assign group hotkey | 20 | |
| Build / train | 68 | |
| Enter build submenu | 21 | |
| Enter hero's abilities submenu | 5 | |
| Give item / drop item | 1 | |
| Remove unit from queue | 6 | |
| Right click | 345 | |
| Select / deselect | 193 | |
| Select group hotkey | 132 | |
| Use ability | 39 | |
830 total
» units
| Peasant | 19 | |
| Footman | 8 | |
| Priest | 2 | |
| Sorceress | 7 | |
| Spell Breaker | 4 | |
40 total
» upgrades
| Defend | 1 | |
| Swords | 2 | |
| Plating | 2 | |
| Priest Training | 2 | |
| Sorceress Training | 2 | |
| Control Magic | 1 | |
10 total
» buildings
| Altar of Kings | 1 | |
| Farm | 13 | |
| Barracks | 1 | |
| Scout Tower | 1 | |
| Arcane Tower | 1 | |
| Keep | 1 | |
| Arcane Vault | 1 | |
| Blacksmith | 1 | |
| Lumber Mill | 1 | |
| Town Hall | 2 | |
| Arcane Sanctum | 2 | |
| Castle | 1 | |
26 total
» build order
00:04 Altar of Kings
00:22 Farm
00:37 Barracks
01:01 Farm
01:37 Farm
01:44 Scout Tower
02:13 Farm
02:15 Arcane Tower
03:29 Keep
03:32 Arcane Vault
03:34 Farm
05:23 Blacksmith
05:27 Lumber Mill
05:53 Town Hall
06:42 Arcane Sanctum
07:20 Arcane Sanctum
08:32 Farm
08:38 Farm
09:54 Farm
10:00 Farm
10:00 Farm
10:01 Farm
12:14 Castle
12:34 Farm
12:36 Farm
13:30 Town Hall
» items
team 2 (loser)

»
HoneyBlunt (
teal | 68 APM | 805 actions | 11:51)
4 Death Knight
2 Death Coil
2 Unholy Aura
» actions
| Assign group hotkey | 24 | |
| Basic commands | 11 | |
| Build / train | 35 | |
| Enter build submenu | 12 | |
| Enter hero's abilities submenu | 4 | |
| Give item / drop item | 1 | |
| Right click | 382 | |
| Select / deselect | 130 | |
| Select group hotkey | 178 | |
| Use ability | 28 | |
805 total
» units
| Acolyte | 7 | |
| Ghoul | 3 | |
| Crypt Fiend | 9 | |
19 total
» upgrades
| Web | 1 | |
| Creature Attack | 2 | |
| Creature Carapace | 1 | |
4 total
» buildings
| Crypt | 1 | |
| Altar of Darkness | 1 | |
| Ziggurat | 4 | |
| Graveyard | 1 | |
| Tomb of Relics | 1 | |
| Spirit Tower | 1 | |
| Necropolis | 1 | |
| Halls of the Dead | 2 | |
| Black Citadel | 1 | |
| Sacrificial Pit | 1 | |
| Nerubian Tower | 1 | |
15 total
» build order
00:19 Crypt
00:22 Altar of Darkness
00:35 Ziggurat
01:07 Graveyard
01:14 Tomb of Relics
01:54 Ziggurat
03:10 Ziggurat
04:54 Spirit Tower
06:08 Necropolis
06:18 Halls of the Dead
06:18 Halls of the Dead
07:34 Ziggurat
09:23 Black Citadel
09:27 Sacrificial Pit
09:45 Nerubian Tower
» items
sMoKe.puff (
blue | 117 APM | 1324 actions | 11:20)
2 Death Knight
1 Death Coil
1 Unholy Aura
1 Lich
1 Frost Nova
» actions
| Assign group hotkey | 38 | |
| Basic commands | 5 | |
| Build / train | 36 | |
| Enter build submenu | 16 | |
| Enter hero's abilities submenu | 3 | |
| Give item / drop item | 3 | |
| Right click | 491 | |
| Select / deselect | 117 | |
| Select group hotkey | 562 | |
| Use ability | 53 | |
1324 total
» units
| Acolyte | 3 | |
| Ghoul | 3 | |
| Crypt Fiend | 5 | |
| Frost Wyrm | 3 | |
14 total
» upgrades
| Creature Attack | 3 | |
| Creature Carapace | 3 | |
| Web | 1 | |
7 total
» buildings
| Crypt | 1 | |
| Graveyard | 1 | |
| Altar of Darkness | 1 | |
| Ziggurat | 7 | |
| Tomb of Relics | 1 | |
| Halls of the Dead | 1 | |
| Black Citadel | 1 | |
| Sacrificial Pit | 1 | |
| Boneyard | 5 | |
19 total
» build order
00:07 Crypt
00:10 Graveyard
00:41 Altar of Darkness
00:52 Ziggurat
00:59 Tomb of Relics
01:52 Ziggurat
02:32 Halls of the Dead
03:31 Ziggurat
04:56 Black Citadel
05:02 Sacrificial Pit
06:17 Ziggurat
06:51 Ziggurat
07:18 Boneyard
07:20 Boneyard
07:22 Boneyard
07:30 Boneyard
07:52 Ziggurat
09:06 Boneyard
10:08 Ziggurat
» items
| Rod of Necromancy | 3 | |
| Dust of Appearance | 1 | |
| Scroll of Town Portal | 1 | |
| Scroll of Healing | 1 | |
| Potion of Healing | 1 | |
7 total
BC(TY) (
green | 54 APM | 613 actions | 11:23)
2 Blademaster
1 Wind Walk
1 Critical Strike
» actions
| Assign group hotkey | 4 | |
| Build / train | 17 | |
| Enter build submenu | 11 | |
| Enter hero's abilities submenu | 2 | |
| Give item / drop item | 2 | |
| Remove unit from queue | 1 | |
| Right click | 329 | |
| Select / deselect | 89 | |
| Select group hotkey | 130 | |
| Use ability | 28 | |
613 total
» units
» buildings
| Altar of Storms | 1 | |
| Orc Burrow | 1 | |
| Barracks | 1 | |
| Voodoo Lounge | 1 | |
| War Mill | 1 | |
| Watch Tower | 4 | |
9 total
» build order
00:11 Altar of Storms
00:13 Orc Burrow
00:32 Barracks
01:27 Voodoo Lounge
01:54 War Mill
03:13 Watch Tower
03:32 Watch Tower
04:42 Watch Tower
05:32 Watch Tower
» items
| Lesser Clarity Potion | 2 | |
| Healing Salve | 1 | |
| Orb of Corruption | 1 | |
4 total
alien (
orange | 0 APM | 2 actions | 16:19)
Chat log
(00:12 / Allies) skrt: bring back FSA
(00:15 / Allies) skrt: fuck this garbage
(00:19 / Allies) Meatcicle: ?
(00:27 / Allies) skrt: is aid fuk this map
(00:30 / Allies) Meatcicle: o
(00:47 / Allies) Meatcicle: easy expo for humans atleat
(00:55 / Allies) skrt: millitia runs out
(01:44 / Allies) Meatcicle: what u guys going
(01:52 / Allies) dstln: breakers casters
(01:53 / Allies) olympicman: bats'
(01:57 / Allies) Meatcicle: k
(07:56 / All) sMoKe.puff: LOOOOOOOOOOOOOOL
(07:57 / Allies) Meatcicle: boneyard for blue
(08:08 / All) sMoKe.puff: nice mh
(08:11 / All) Meatcicle: lol ur dumb
(08:53 / All) Meatcicle: if i was MH id of caught u creeping
(09:02 / All) sMoKe.puff: LOL
(09:34 / All) sMoKe.puff: man
(09:37 / All) sMoKe.puff: u skipeed all those bases
(09:39 / Allies) Meatcicle: ima go gyro for frost
(09:39 / All) sMoKe.puff: LOL
(09:46 / All) Meatcicle: str8 cross map?
(09:47 / All) sMoKe.puff: hilarious
(09:49 / All) Meatcicle: really not that hard
(09:50 / All) sMoKe.puff: u scared to lose
(09:52 / All) sMoKe.puff: so u mh in 4s
(09:55 / All) Meatcicle: i also check ur expo
(09:56 / All) sMoKe.puff: lmao
(10:00 / All) sMoKe.puff: noob
(10:01 / All) Meatcicle: and MH arent even in this patch
(10:06 / All) Meatcicle: which shows how stpid u r
(10:14 / All) sMoKe.puff: ur dumb
(10:17 / All) sMoKe.puff: u think ur slick
(10:27 / Allies) Meatcicle: yp
(10:28 / Allies) Meatcicle: tp
(10:29 / Allies) Meatcicle: plz
(10:50 / Allies) Meatcicle: red
(10:50 / Allies) Meatcicle: tp
(11:08 / All) sMoKe.puff: see
(11:11 / All) sMoKe.puff: u rdy to counter it all
(11:20 / All) sMoKe.puff: ur fucking trahs kid
(11:27 / All) Meatcicle: LOL
(11:28 / All) Meatcicle: ur dumb
(12:30 / All) Meatcicle: this nub stillr eally thinkj i hacked
(13:33 / All) Meatcicle: knowing u had afk